Cogmind - Beta 16 --- EXPLORER MODE // 2026.01.23 @ 09:29:36 Player: K.K.Y. Result: Destroyed by C-40 Crusher with Compactor Performance ------------- Evolutions (4) 2000 Regions Visited (7) 1400 Robots Destroyed (61) 305 Value Destroyed (1327) 1327 Prototype IDs (12) 240 Alien Tech Used (0) 0 Bonus (1919) 1919 TOTAL SCORE: 7191 Bonus ------- Delivered SUBCON Basin 2000 Friendly Fire -81 Cogmind --------- Core Integrity 0/850 Matter 233/300 Energy 100/100 System Corruption 0% Temperature Cool (0) Movement Core (50) Location -6/Waste Parts ------- > --- POWER (2) -------- (None) > --- PROPULSION (5) --- (None) > --- UTILITY (7) ------ (None) > --- WEAPON (2) ------- (None) > --- INVENTORY (5) ---- Improved Medium Treads Humpback Hacking Suite Authchip [Device] Peak State ------------ > --- POWER ------------ Fission Core Light Fission Core > --- PROPULSION ------- Improved Medium Treads Improved Medium Treads Improved Medium Treads Improved Medium Treads Improved Medium Treads > --- UTILITY ---------- Cryofiber Web Advanced Heat Sink Large Storage Unit Improved Sensor Array Improved Signal Interpreter Advanced Signal Interpreter Weapon Mount > --- WEAPON ----------- Lightning Gun Phase Cannon > --- INVENTORY -------- Improved Medium Treads Improved Medium Treads Improved Medium Treads Huge Storage Unit Humpback Advanced Force Field Hacking Suite Authchip [Propulsion] Authchip [Device] Authchip [Weapon] Tech Extrapolator Heavy Plasma Cannon Mining Laser Force Lance [Rating: 75] Favorites ----------- Power Light Nuclear Core Engine Light Angular Momentum Engine Power Core Light Nuclear Core Propulsion Carbon-fiber Leg Treads Light Treads Leg Carbon-fiber Leg Utility Large Storage Unit Device Structural Scanner Storage Large Storage Unit Processor Improved Signal Interpreter Protection Light Armor Plating Weapon Medium Laser Energy Gun Medium Laser Energy Cannon Ion Cannon Build | -11 -10 -10 -10 -8 -8 -6 -6 ------- Run | Yrd Mat Min Sub Rec Scr Fac Was Slots Evolved 9 | . 1 . . . . 8 . Power 1 | . . . . . . 1 . Propulsion 3 | . . . . . . 3 . Utility 5 | . 1 . . . . 4 . Weapon . | . . . . . . . . Parts Attached 57 | 9 5 4 11 4 5 16 3 Power 6 | 1 . 1 1 . 1 2 . Engine 2 | 1 . 1 . . . . . Core 4 | . . . 1 . 1 2 . Reactor . | . . . . . . . . Propulsion 21 | 4 1 2 1 3 1 8 1 Treads 16 | 2 . . 1 3 1 8 1 Leg 5 | 2 1 2 . . . . . Wheel . | . . . . . . . . Hover . | . . . . . . . . Flight . | . . . . . . . . Utility 18 | 2 3 1 5 1 1 5 . Device 9 | . 1 1 3 1 . 3 . Storage 4 | . 2 . 1 . 1 . . Processor 2 | . . . . . . 2 . Hackware . | . . . . . . . . Protection 3 | 2 . . 1 . . . . Artifact . | . . . . . . . . Weapon 12 | 2 1 . 4 . 2 1 2 Energy Gun 6 | 2 1 . 2 . 1 . . Energy Cannon 5 | . . . 2 . 1 1 1 Ballistic Gun . | . . . . . . . . Ballistic Cannon . | . . . . . . . . Launcher . | . . . . . . . . Special Weapon 1 | . . . . . . . 1 Impact Weapon . | . . . . . . . . Slashing Weapon . | . . . . . . . . Piercing Weapon . | . . . . . . . . Special Melee Weapon . | . . . . . . . . Unidentified Prototypes . | . . . . . . . . Parts Lost 13 | . . . 1 . . . 12 Power 1 | . . . . . . . 1 Propulsion 6 | . . . 1 . . . 5 Utility 2 | . . . . . . . 2 Weapon 4 | . . . . . . . 4 Highest Loss Streak 10 | . . . 1 . . . 10 To Critical Strikes . | . . . . . . . . Average Backups 10 | 3 7 11 11 10 14 13 11 Power . | . . 1 . . . . . Propulsion . | . . . . . . . 2 Utility 6 | 1 4 6 7 6 9 8 6 Weapon 3 | 1 2 3 3 3 5 4 2 Tool/Special . | . . . . . . . . Unused Backups 18 | . . 2 2 . 2 2 10 Power 1 | . . . 1 . . . . Propulsion 2 | . . . . . . . 2 Utility 10 | . . 2 1 . . 1 6 Weapon 5 | . . . . . 2 1 2 Tool/Special . | . . . . . . . . Average Slot Usage (%) 92 | . 97 100 89 97 99 82 78 Engine 5 | . 11 12 5 . . . . Core 6 | . . . 6 12 12 11 9 Treads 9 | . . . 7 22 25 23 23 Leg 9 | . 24 25 7 . . . . Device 18 | . 4 12 20 25 24 21 21 Storage 11 | . 11 12 12 12 12 6 4 Protection 5 | . 18 12 3 . . . . Energy Gun 14 | . 24 25 12 12 12 6 2 Energy Cannon 9 | . . . 12 12 12 6 4 Peak Build Rating 75 | 7 9 21 36 37 30 74 75 Average Rating 26 | 6 8 16 30 30 28 53 57 On Entrance 25 | . 7 9 21 34 27 30 74 Avg Prop Armor Cover (%) 8 | . . . 8 . . . . Naked Turns 35 | . . . . . . . 35 Heaviest Build 237 | 15 35 37 99 95 237 57 56 Greatest Support 150 | 40 20 30 30 44 44 150 150 Greatest Overweight (x) 6 | 4 6 1 6 4 5 . 1 Average Overweight (x) 1 | . . . 2 . . . . Largest Inventory Capacity 35 | 5 15 15 25 25 35 15 15 Average Capacity 17 | 5 12 13 20 20 15 15 12 Most Carried 25 | 5 15 15 25 25 15 15 15 Average Carried 16 | 3 7 11 20 19 14 14 12 Final Capacity 25 | 5 10 15 25 15 15 15 5 Final Carried 25 | 5 8 15 25 15 15 15 5 Class Distribution -------------------- 85% | Hacker-Mutant 14% | Scavenger-Mutant Dominant Class ---------------- Hacker-Mutant | -10/Materials Hacker-Mutant | -10/Mines Hacker-Mutant | -10/Subcaves Hacker-Mutant | -8/Recycling Hacker-Mutant | -8/Scraptown Hacker-Mutant | -6/Factory Hacker-Mutant | -6/Waste Resources | -11 -10 -10 -10 -8 -8 -6 -6 ----------- Run | Yrd Mat Min Sub Rec Scr Fac Was Matter Collected 883 | 290 110 70 150 40 50 120 53 Remotely . | . . . . . . . . Salvage Created 2222 | 188 537 136 835 229 . 297 . Parts 142 | 20 50 5 47 9 . 11 . Haulers Intercepted 2 | . 2 . . . . . . Recyclers Shooed 3 | 1 2 . . . . . . Parts Field Recycled . | . . . . . . . . Retrieved Matter . | . . . . . . . . Parts Self-Destructed . | . . . . . . . . Prevented . | . . . . . . . . Parts Restored . | . . . . . . . . Kills | -11 -10 -10 -10 -8 -8 -6 -6 ------- Run | Yrd Mat Min Sub Rec Scr Fac Was Combat Hostiles Destroyed 39 | . 12 3 17 4 . 3 . Guns 32 | . 12 3 16 . . 1 . Cannons 5 | . . . . 3 . 2 . Classes Destroyed 13 | 2 7 . 3 . . 1 . Builder 4 | . 4 . . . . . . Tunneler 7 | 7 . . . . . . . Hauler 2 | . 2 . . . . . . Recycler 3 | 1 . 1 . . . 1 . Mechanic 1 | . 1 . . . . . . Turret 2 | . . . 2 . . . . Watcher 3 | . 3 . . . . . . Swarmer 16 | . 8 2 6 . . . . Grunt 6 | . 3 1 . . . 2 . Duelist 1 | . . . . . . 1 . Sentry 5 | . . . 1 4 . . . Artisan 3 | . . . 3 . . . . Subdweller 11 | . 1 . 10 . . . . Best Kill Streak 6 | 2 4 2 6 2 . 3 . Combat Bots Only 4 | . 2 2 4 2 . 3 . Max Kills in Single Turn 2 | 1 2 1 2 1 . 1 . Gunslinging 1 | . 1 . 1 . . . . Exploded . | . . . . . . . . Melee . | . . . . . . . . Uniques/NPCs Destroyed . | . . . . . . . . Combat | -11 -10 -10 -10 -8 -8 -6 -6 -------- Run | Yrd Mat Min Sub Rec Scr Fac Was Hostile Shots Fired 196 | . 36 10 90 16 . 12 32 Missed 54 | . 11 3 34 3 . 2 1 Hits 142 | . 25 7 56 13 . 10 31 Melee 31 | . . . . . . . 31 Projectile 111 | . 25 7 56 13 . 10 . Critical Strikes 15 | . . . 1 . . 3 11 Damage Taken 1867 | . 127 36 465 120 . 153 966 Core 1039 | . 23 7 92 38 . 23 856 Absorbed by Shields . | . . . . . . . . Ignored by Resistances 1050 | . 90 26 277 73 . 89 495 Regen/Repaired (Parts) 322 | . . . . . 322 . . Core Remaining (%) 68 | 100 . . . . 36 . . Volleys Fired 313 | 12 45 13 226 9 . 8 . Largest 2 | 2 2 2 2 2 . 2 . Hottest 125 | 100 100 100 125 110 . 120 . Shots Fired 531 | 24 90 26 360 15 . 16 . Gun 504 | 24 90 26 350 6 . 8 . Cannon 27 | . . . 10 9 . 8 . Launcher . | . . . . . . . . Special . | . . . . . . . . Kinetic . | . . . . . . . . Thermal 522 | 24 90 26 359 15 . 8 . Explosive . | . . . . . . . . Electromagnetic 9 | . . . 1 . . 8 . Robot Hit Streak 69 | 9 11 12 69 25 . 37 . Robot Miss Streak 3 | 1 2 1 3 . . . . Penetration Max . | . . . . . . . . Secondary Targets 5 | . 3 . 2 . . . . Max Gunslinging Chain 1 | . 1 . 1 . . . . Shots Hit Robots 243 | 19 67 20 111 14 . 12 . Core Hits 101 | 9 30 9 39 4 . 8 2 Critical Kills . | . . . . . . . . Critical Parts Destroyed . | . . . . . . . . Critical Strikes 24 | 1 5 1 15 2 . . . Burn 24 | 1 5 1 15 2 . . . Melee Attacks . | . . . . . . . . Impact . | . . . . . . . . Slashing . | . . . . . . . . Piercing . | . . . . . . . . Sneak Attacks . | . . . . . . . . Combat Hostiles . | . . . . . . . . Follow-up Attacks . | . . . . . . . . Damage Inflicted 3841 | 249 834 249 1846 287 . 306 70 Guns 3193 | 249 834 249 1616 104 . 141 . Cannons 578 | . . . 230 183 . 165 . Explosions . | . . . . . . . . Melee . | . . . . . . . . Ramming 70 | . . . . . . . 70 Kinetic . | . . . . . . . . Thermal 3607 | 249 834 249 1823 287 . 165 . Explosive . | . . . . . . . . Electromagnetic 164 | . . . 23 . . 141 . Impact . | . . . . . . . . Slashing . | . . . . . . . . Piercing . | . . . . . . . . Highest Corruption . | . . . . . . . . Average Corruption . | . . . . . . . . Corruption Purged . | . . . . . . . . Corruption Blocked . | . . . . . . . . Overload Shots . | . . . . . . . . Overflow Damage . | . . . . . . . . Projectiles . | . . . . . . . . Explosions . | . . . . . . . . Melee . | . . . . . . . . Knockbacks . | . . . . . . . . Impact . | . . . . . . . . Kinetic . | . . . . . . . . Secondary . | . . . . . . . . Self-Inflicted Damage 30 | . . . . . . . 30 Shots . | . . . . . . . . Rammed 23 | . . . . . . . 23 Targets Rammed 23 | . . . . . . . 23 Kicked . | . . . . . . . . Crushed . | . . . . . . . . Highest Temperature 285 | 228 285 108 12 254 . 135 . Average Temperature 80 | 82 85 32 4 111 . 72 . Received Heat Transfer 450 | . 42 18 174 72 . 144 . Effects 1 | . 1 . . . . . . Energy Bleed 1 | . 1 . . . . . . Siege Activations . | . . . . . . . . Martial Activations . | . . . . . . . . Shielding Activations . | . . . . . . . . Robots Disrupted . | . . . . . . . . Combat Hostiles . | . . . . . . . . Robots Corrupted . | . . . . . . . . Combat Hostiles . | . . . . . . . . Parts Fried . | . . . . . . . . Impact Corruptions . | . . . . . . . . Robots Melted 2 | . . . 1 1 . . . Combat Hostiles 2 | . . . 1 1 . . . Parts Melted 26 | 2 7 3 9 5 . . . Heat Transferred 10323 | 814 2849 814 4958 666 . 222 . Parts Sabotaged . | . . . . . . . . Parts Stolen . | . . . . . . . . Parts Stripped . | . . . . . . . . Power Chain Reactions . | . . . . . . . . Alert | -11 -10 -10 -10 -8 -8 -6 -6 ------- Run | Yrd Mat Min Sub Rec Scr Fac Was Maximum Alert Level . | . . . . . . . . Low Security (%) 100 | 100 100 100 . 100 . 100 100 Level 1 . | . . . . . . . . Level 2 . | . . . . . . . . Level 3 . | . . . . . . . . Level 4 . | . . . . . . . . Level 5 . | . . . . . . . . High Security . | . . . . . . . . Max Security . | . . . . . . . . Peak Influence 83 | 10 83 50 . 40 . 56 . Initial . | . . . . . . . . Average 3 | 1 6 1 . . . 3 . Influence Increases 922 | 40 360 85 250 110 . 77 . Destroy 0b10 Robot/C 600 | . 220 60 180 80 . 60 . Destroy 0b10 Robot/NC 100 | 40 50 5 . . . 5 . Destroy Leader 110 | . 70 20 10 . . 10 . Successful Hack 48 | . 18 . . 30 . . . Destroy Structure 4 | . 2 . . . . 2 . Lose Combat Pursuer 60 | . . . 60 . . . . Influence Decreases 922 | 40 360 85 250 110 . 77 . Time Decay 887 | 40 335 85 240 110 . 77 . Lost Part 10 | . . . 10 . . . . Purge Threat 25 | . 25 . . . . . . Squads Dispatched 4 | . 2 1 . . . 1 . Investigation 3 | . 2 1 . . . . . Extermination . | . . . . . . . . Reinforcement 1 | . . . . . . 1 . Assault . | . . . . . . . . Garrison . | . . . . . . . . Intercept . | . . . . . . . . Searches Triggered . | . . . . . . . . Construction Impeded 1 | . . . . . . 1 . Haulers Reinforced . | . . . . . . . . Active Scanning Responses . | . . . . . . . . Cargo Convoy Interrupts . | . . . . . . . . Stealth | -11 -10 -10 -10 -8 -8 -6 -6 --------- Run | Yrd Mat Min Sub Rec Scr Fac Was Distress Signals . | . . . . . . . . Communications Jammed . | . . . . . . . . Distress Signals . | . . . . . . . . Times Spotted 52 | . 16 3 21 3 . 3 6 Peak Tracking Total 6 | . 2 2 3 1 . 3 6 Tactical Retreats 2 | . . . 2 . . . . Traps | -11 -10 -10 -10 -8 -8 -6 -6 ------- Run | Yrd Mat Min Sub Rec Scr Fac Was Traps Triggered 8 | . 5 . 1 . . 2 . Indirectly . | . . . . . . . . Trap Hack Attempts . | . . . . . . . . Triggered . | . . . . . . . . Disarmed 2 | . 2 . . . . . . Reprogrammed . | . . . . . . . . Reused . | . . . . . . . . Traps Extracted . | . . . . . . . . Installed . | . . . . . . . . Triggered . | . . . . . . . . Machines | -11 -10 -10 -10 -8 -8 -6 -6 ---------- Run | Yrd Mat Min Sub Rec Scr Fac Was Machines Disabled . | . . . . . . . . Max in Single Turn . | . . . . . . . . Machines Repaired . | . . . . . . . . Machines Dismantled . | . . . . . . . . Machines Sabotaged . | . . . . . . . . Overloaded Fab Kills . | . . . . . . . . Hacking | -11 -10 -10 -10 -8 -8 -6 -6 --------- Run | Yrd Mat Min Sub Rec Scr Fac Was Machines Accessed 26 | . 7 1 3 14 . 1 . Terminals 12 | . 6 . . 6 . . . Fabricators 1 | . . . . . . 1 . Repair Stations . | . . . . . . . . Recycling Units 9 | . 1 . . 8 . . . Scanalyzers . | . . . . . . . . Garrison Access . | . . . . . . . . Total Hacks 75 | . 21 1 4 47 . 2 . Successful 54 | . 14 1 4 33 . 2 . Failed 21 | . 7 . . 14 . . . Catastrophic 1 | . 1 . . . . . . Database Lockouts . | . . . . . . . . Manual 45 | . 13 . . 32 . . . Terminals 46 | . 19 . . 27 . . . Fabricators 2 | . . . . . . 2 . Repair Stations . | . . . . . . . . Recycling Units 22 | . 2 . . 20 . . . Scanalyzers . | . . . . . . . . Garrison Access . | . . . . . . . . Terminal Hacks 28 | . 13 1 4 10 . . . Record 1 | . . . 1 . . . . Part Schematic 16 | . 6 . . 10 . . . Robot Schematic 3 | . 3 . . . . . . Robot Analysis 2 | . 2 . . . . . . Open Door 2 | . . 1 1 . . . . Unreport Threat 1 | . 1 . . . . . . Disarm Traps 1 | . 1 . . . . . . Proto ID Catalog 1 | . . . 1 . . . . Release Object 1 | . . . 1 . . . . Fabricator Hacks 2 | . . . . . . 2 . Load Schematic 1 | . . . . . . 1 . Build 1 | . . . . . . 1 . Repair Station Hacks . | . . . . . . . . Recycling Unit Hacks 10 | . 1 . . 9 . . . Retrieve Components 10 | . 1 . . 9 . . . Scanalyzer . | . . . . . . . . Garrison Access Hacks . | . . . . . . . . Unauthorized Hacks 14 | . . . . 14 . . . Terminals 6 | . . . . 6 . . . Botnet 6 | . . . . 6 . . . Fabricators . | . . . . . . . . Repair Stations . | . . . . . . . . Recycling Units 8 | . . . . 8 . . . Reject 8 | . . . . 8 . . . Scanalyzers . | . . . . . . . . Garrison Access . | . . . . . . . . Data Cores Recovered . | . . . . . . . . Used . | . . . . . . . . Hacking Detections 17 | . 7 . . 9 . 1 . Full Trace Events 7 | . 3 . . 4 . . . Feedback Events . | . . . . . . . . Feedback Blocked . | . . . . . . . . Robot Schematics Acquired 2 | . 2 . . . . . . Robots Built . | . . . . . . . . Authchips . | . . . . . . . . Time . | . . . . . . . . Total Robot Build Rating . | . . . . . . . . Part Schematics Acquired 16 | . 6 . . 10 . . . Parts Built 2 | . . . . . . 2 . Authchips . | . . . . . . . . Time 73 | . . . . . . 73 . Total Part Build Rating 6 | . . . . . . 6 . Part Studies Acquired . | . . . . . . . . Parts Repaired . | . . . . . . . . Time . | . . . . . . . . Parts Recycled . | . . . . . . . . Recycled Matter . | . . . . . . . . Retrieved Matter . | . . . . . . . . Retrieved Components 28 | . 9 . . 19 . . . Parts Scanalyzed . | . . . . . . . . Part Schematics Acquired . | . . . . . . . . Parts Damaged . | . . . . . . . . Bothacking | -11 -10 -10 -10 -8 -8 -6 -6 ------------ Run | Yrd Mat Min Sub Rec Scr Fac Was Used RIF Installer . | . . . . . . . . Robots Hacked . | . . . . . . . . Non-combat . | . . . . . . . . Combat . | . . . . . . . . Robot Hacks Applied . | . . . . . . . . Relay Couplers Released . | . . . . . . . . Fabnet Peak Effective % . | . . . . . . . . Robots Rewired . | . . . . . . . . Allies Hacked . | . . . . . . . . Hacks Repelled . | . . . . . . . . Allies | -11 -10 -10 -10 -8 -8 -6 -6 -------- Run | Yrd Mat Min Sub Rec Scr Fac Was Total Allies . | . . . . . . . . Largest Group . | . . . . . . . . Highest-Rated Group . | . . . . . . . . Highest-Rated Ally . | . . . . . . . . Total Orders . | . . . . . . . . Ally Attacks . | . . . . . . . . Total Damage . | . . . . . . . . Kills . | . . . . . . . . Allies Corrupted . | . . . . . . . . Allies Melted . | . . . . . . . . Intel | -11 -10 -10 -10 -8 -8 -6 -6 ------- Run | Yrd Mat Min Sub Rec Scr Fac Was Active Infowar (turns) 9373 | . . . 5875 1844 781 664 209 Sensors 8274 | . . . 4776 1844 781 664 209 Structural 7370 | . . . 5875 1495 . . . Robot Analysis Total 2 | . 2 . . . . . . Derelict Logs Recovered 3 | . . . 3 . . . . Drone Launches . | . . . . . . . . Drone Recoveries . | . . . . . . . . Exploration | -11 -10 -10 -10 -8 -8 -6 -6 ------------- Run | Yrd Mat Min Sub Rec Scr Fac Was Turns Passed 16166 | 220 2103 1589 8690 1844 796 664 260 Spaces Moved 6033 | 107 1022 753 2382 817 520 281 151 Core 60 | 29 9 . . . . . 22 Treads 2868 | 11 . . 1110 817 520 281 129 Legs 3105 | 67 1013 753 1272 . . . . Wheels . | . . . . . . . . Hover . | . . . . . . . . Flight . | . . . . . . . . Fastest Speed 50 | 50 120 120 190 145 145 145 50 Average Speed 242 | 135 186 185 335 218 148 149 144 Slowest Speed 545 | 250 350 190 540 480 545 160 160 Overloaded Moves . | . . . . . . . . Propulsion Burnouts . | . . . . . . . . Robots Hopped . | . . . . . . . . Potential Cave-ins 9 | . . . 9 . . . . Cave-ins Triggered . | . . . . . . . . Exploration Rate (%) 62 | 5 99 100 97 99 50 7 42 Regions Visited 7 Branch Regions 4 Pre-discovered Areas 2 | . . . 2 . . . . Known Exits Taken 6 | 1 1 1 1 1 1 . . Unknown Exits Taken . | . . . . . . . . Scrap Searched 18 | . . 2 13 . 3 . . Spaces Dug 16 | . . . 16 . . . . Terrain Destroyed 20 | . . . 18 . . 2 . Melee . | . . . . . . . . Projectile 20 | . . . 18 . . 2 . AOE . | . . . . . . . . Terrain Rammed . | . . . . . . . . Walls Destroyed . | . . . . . . . . Machines Disabled . | . . . . . . . . Actions | -11 -10 -10 -10 -8 -8 -6 -6 --------- Run | Yrd Mat Min Sub Rec Scr Fac Was Total 7042 | 160 1126 918 2727 862 547 513 189 Wait 471 | 14 36 122 90 17 . 189 3 Move 6027 | 106 1021 752 2381 816 519 281 151 Hop . | . . . . . . . . Pick Up 65 | 14 10 15 3 9 6 6 2 Fast Attach 23 | 1 3 . 2 1 1 7 8 Attach 23 | 8 7 . . 1 5 2 . Detach 7 | 2 1 . 1 . 2 1 . Swap 37 | . 1 7 13 4 5 7 . Drop 53 | 3 2 9 11 5 9 12 2 Fire 313 | 12 45 13 226 9 . 8 . Melee . | . . . . . . . . Ram 22 | . . . . . . . 22 Kick . | . . . . . . . . Crush 1 | . . . . . . . 1 Escape Stasis . | . . . . . . . . Rewire . | . . . . . . . . Trap . | . . . . . . . . Miscellaneous . | . . . . . . . . Route ------- -11/Scrapyard -10/Materials (discovered 5 exits: *Mat x3 / *Min x2) -10/Mines (discovered 3 exits: *Mat x2 / *Sub) -10/Subcaves (discovered 3 exits: *Mat x2 / *Rec) -8/Recycling (discovered 2 exits: *Fac / *Scr) -8/Scraptown -6/Factory -6/Waste History --------- Turn | Location | Event 6 | -11/Scrapyard | Identified exit to Materials 6 | -11/Scrapyard | Discovered exit to Materials (range 15) 221 | -11/Scrapyard | Entered Materials 221 | -10/Materials | Evolved 1 slot: Utility x1 317 | -10/Materials | Build established: Hacker-Mutant 543 | -10/Materials | Identified exit to Materials 543 | -10/Materials | Discovered exit to Materials (range 10) 641 | -10/Materials | Identified exit to Mines 641 | -10/Materials | Discovered exit to Mines (range 15) 772 | -10/Materials | Discovered exit to Materials (range 11) 1126 | -10/Materials | Discovered exit to Materials (range 5) 1495 | -10/Materials | Discovered exit to Mines (range 12) 1521 | -10/Materials | Derelicts attacked the area 2324 | -10/Materials | Entered Mines 2587 | -10/Mines | Discovered exit to Materials (range 5) 2629 | -10/Mines | Discovered exit to Materials (range 6) 2659 | -10/Mines | Received a Rocket Launcher from a helpful Derelict 2763 | -10/Mines | Met a Derelict shopkeep closing up shop 2827 | -10/Mines | Identified exit to Subcaves 2827 | -10/Mines | Discovered exit to Subcaves (range 13) 3913 | -10/Mines | Entered Subcaves 3965 | -10/Subcaves | Learned Materials security intel 4017 | -10/Subcaves | Visited 4L-MR0's lab 4306 | -10/Subcaves | Build established: Scavenger-Mutant 4659 | -10/Subcaves | Shifting Twisted Machinery released Mak. Laser 4723 | -10/Subcaves | Shifting Twisted Machinery released Sub. Power Source 5036 | -10/Subcaves | Learned location of Zion (-7) 5172 | -10/Subcaves | Identified exit to Recycling 5172 | -10/Subcaves | Discovered exit to Recycling (range 14) 5480 | -10/Subcaves | Build established: Hacker-Mutant 5644 | -10/Subcaves | A swath of the cavern ceiling suddenly collapsed 5976 | -10/Subcaves | Shifting Twisted Machinery released Sub. Optics 6603 | -10/Subcaves | A swath of the cavern ceiling suddenly collapsed 7015 | -10/Subcaves | Build established: Scavenger-Mutant 7300 | -10/Subcaves | Shifting Twisted Machinery released Shrapnel Trap 7375 | -10/Subcaves | Shifting Twisted Machinery released Sub. Beam Cannon 7538 | -10/Subcaves | Learned location of Mines (-9) 7578 | -10/Subcaves | Identified exit to Materials 7578 | -10/Subcaves | Discovered exit to Materials (range 14) 7719 | -10/Subcaves | Discovered exit to Materials (range 12) 7832 | -10/Subcaves | Found SUBCON Basin 8119 | -10/Subcaves | Build established: Hacker-Mutant 12603 | -10/Subcaves | Entered Recycling 13085 | -8/Recycling | Identified exit to Factory 13085 | -8/Recycling | Discovered exit to Factory (range 6) 13519 | -8/Recycling | Scanned before Scraplab entrance 13553 | -8/Recycling | Identified exit to Scraptown 13553 | -8/Recycling | Discovered exit to Scraptown (range 11) 13562 | -8/Recycling | Entered Scraplab 13929 | -8/Recycling | Core integrity fell below 50% 14447 | -8/Recycling | Entered Scraptown 14644 | -8/Scraptown | Heard Great Nut preacher, LISTEN AND RECITE! 14644 | -8/Scraptown | Visited Supply Room 14677 | -8/Scraptown | Visited CR-KLE's Repair Center 14697 | -8/Scraptown | Visited Symbiants 14718 | -8/Scraptown | Visited Awakened 14731 | -8/Scraptown | Visited TADAMA 14750 | -8/Scraptown | Visited Cyclists 14758 | -8/Scraptown | Visited Fellowship of the Rings 14827 | -8/Scraptown | Discovered exit to Factory (range 13) 15119 | -8/Scraptown | CR-KLE repaired 6 parts 15243 | -8/Scraptown | Entered Factory 15243 | -6/Factory | Evolved 8 slots: Power x1, Propulsion x3, Utility x4 15590 | -6/Factory | Fabricated Cryofiber Web (x2) 15907 | -6/Factory | Sucked down chute 15907 | -6/Factory | Entered Waste 15920 | -6/Waste | Spotted C-40 Crusher 15922 | -6/Waste | Spotted C-40 Crusher 15936 | -6/Waste | Spotted C-40 Crusher 15996 | -6/Waste | Spotted C-40 Crusher 16012 | -6/Waste | Crushed by Compactor (1 part destroyed, 2 dropped) 16017 | -6/Waste | Crushed by Compactor (1 part destroyed, 1 dropped) 16052 | -6/Waste | Spotted C-40 Crusher 16063 | -6/Waste | Spotted C-40 Crusher 16113 | -6/Waste | Crushed by Compactor (1 part destroyed, 1 dropped) 16116 | -6/Waste | Crushed by Compactor (1 part destroyed, 2 dropped) 16119 | -6/Waste | Crushed by Compactor (1 part destroyed, 2 dropped) 16122 | -6/Waste | Crushed by Compactor (1 part destroyed, 1 dropped) 16125 | -6/Waste | Crushed by Compactor (1 part destroyed, 2 dropped) 16128 | -6/Waste | Crushed by Compactor (1 part destroyed, 1 dropped) 16131 | -6/Waste | Crushed by Compactor (1 part destroyed) 16134 | -6/Waste | Crushed by Compactor (1 part destroyed) 16146 | -6/Waste | Crushed by Compactor (1 part destroyed) 16149 | -6/Waste | Crushed by Compactor (1 part destroyed) 16150 | -6/Waste | Core integrity fell below 50% 16161 | -6/Waste | Core integrity fell below 20% 16167 | -6/Waste | Destroyed by C-40 Crusher with Compactor Last Messages --------------- 16125_ Imp. Signal Interpreter crushed. 16128_ Acquired Mining Laser. 16128_ Weapon Mount crushed. 16128_ Mining Laser crushed. 16128_ Adv. Signal Interpreter crushed. 16130_ Acquired Hvy. Plasma Cannon. 16131_ Hvy. Plasma Cannon crushed. 16134_ Acquired Phase Cannon. 16134_ Phase Cannon crushed. 16137_ Slammed into C-40 Crusher. 16139_ Destabilizing: Core damaged (-17). 16140_ Slammed into C-40 Crusher. 16144_ Acquired Imp. Medium Treads. 16146_ Imp. Medium Treads crushed. 16148_ Acquired Imp. Medium Treads. 16149_ Slammed into C-40 Crusher. 16149_ Imp. Medium Treads crushed. 16151_ Slammed into C-40 Crusher. 16152_ Destabilizing: Core damaged (-42). 16153_ Slammed into C-40 Crusher. Map ----- +----------------------------------------------------+ | ?????????????????????????????????????????????????? | | ?????????????????????????????????????????????????? | | ?????????????????????????????????????????????????? | | ?????????????????????????????????????????????????? | | ?????????????????????????????????????????????????? | | ?????????????????????????????????????????????????? | | ?????????????????????????????????????????????????? | | ?????????????????????????????????????????????????? | | ?????????????????????????????????????????????????? | | ?????????????????????????????????????????????????? | | ?????????????????????????????????????????????????? | | ?????????????????????????????????????????????????? | | ?????????????????????????????????????????????????? | | ?????????????????????????????????????????????????? | | ?????????????????????????????????????????????????? | | ?????????????????????????????????????????????????? | | ?????????????????????????????????????????????????? | | ?????????????????????????????????????????????????? | | ?????????????????????????????????????????????????? | | ?????????????????????????????????????????????????? | | ?????????????????????????????????????????????????? | | ?????????????????????????????????????????????????? | | ????????????????????????######???????????????????? | | ????????????????????????# !!#???????????????????? | | ????????????????????????# CC!#???????????????????? | | ????????????????????????#@CC #??????? ????????? | | ????????????????????????#CCCC#??????? #???????? | | ??????????????????????###CCCC#??????? #???????? | | ??????????????????????# CCCC#??????? #???????? | | ??????????????????????# CCCC#??????? #???????? | | ??????????????????????# #??????? #???????? | | ??????????????????????# CC #??????? #???????? | | ??????????????????????### CC #??????# #???????? | | ??????????############??# #??????# #???????? | | ??????????# #??# #??????# #???????? | | ??????????# #??# #??????# #???????? | | ??????????# #### ######## ######## | | ??????????# | | ??????????# | | ??????????# | | ??????????# | | ??????????# ! #### ######## ######## | | ??????????# #??# #??????# #???????? | | ??????????# #??# #??????# #???????? | | ??????????############??# #??????# #???????? | | ??????????????????????### ######## ######??? | | ??????????????????????# | | ??????????????????????# | | ??????????????????????# | | ??????????????????????# | +----------------------------------------------------+ Best States ------------- Heat Dissipation 103 Energy Generation 31 Energy Capacity 370 Matter Stores 300 Matter Capacity 300 Sight Range 16 Robot Scan Range 15 Terrain Scan Density 10 Base Temperature (-) 100 Armor Coverage 300 Resistance: KI 35 Resistance: TH 35 Resistance: EX 35 Resistance: EM 35 Resistance: I 35 Resistance: S 35 Resistance: P 35 Evasion (%) 55 Targeting Accuracy 20 Recoil Reduction 5 Offensive Hacking 20 Authchip Count 3 Item Schematics ----------------- Huge Storage Unit | -10/Materials | Hacked Lrg. Storage Unit | -10/Materials | Hacked Hcp. Storage Unit | -10/Materials | Hacked Sml. Storage Unit | -10/Materials | Hacked Med. Storage Unit | -10/Materials | Hacked Cargo Storage Unit | -10/Materials | Hacked Proton Cannon | -8/Recycling | Hacked Lightning Gun | -8/Recycling | Hacked Coil Gun | -8/Recycling | Hacked Adv. Treads | -8/Recycling | Hacked Machine Analyzer | -8/Recycling | Hacked Plasma Cutter | -8/Recycling | Hacked Hacking Suite | -8/Recycling | Hacked Cryofiber Web | -8/Recycling | Hacked Cooling System | -8/Recycling | Hacked System Shield | -8/Recycling | Hacked Robot Schematics ------------------ W-16 Scout | -10/Materials | Hacked G-34 Mercenary | -10/Materials | Hacked Fabricated ------------ Cryofiber Web | x2 | -6/Factory Repaired ---------- Nothing Studied --------- None Alien Tech Used ----------------- None Achievements -------------- None Challenges ------------ None Game ------ Seed GuidedFlyingDeflector Manual? 0 Play Time 00:53:06 Cumulative 306.1 hours Start 2026.01.23 @ 08:38:14 End 2026.01.23 @ 09:29:36 Sessions 1 Manual Loads 0 Difficulty Explorer Special Mode None Game No. 470 Rogue 0 Adventurer 0 Explorer 470 Win Type - Total 0 Types 0/0/0/0/0/0/0/0/0/0 Lore% 76 Gallery% 70 Achievement% 56 Wizard Run 0 Options --------- Layout 1 ASCII 0 Keyboard 0 Movement Mouse Keybinds 1 Fullscreen 1 Font 24/Smallcaps Map View 50x35 Zoom Use 0% Tactical HUD 1 Map Filters NONE Filters NONE Steam 1 RUN: 275f3b37-087a-439f-a67e-b7ea05a7891e